 Dungeon Crawl Stone Soup version 0.29.1-13-g9f3cf754e1 (webtiles) character file.

Game seed: 3208560806683665612

103 Thatpatchoflichen the Trooper (level 4, 0/49 HPs)
             Began as an Ogre Fighter on Jan 29, 2023.
             Slain by a jelly (1 damage)
             ... on level 2 of the Dungeon.
             The game lasted 00:05:12 (2694 turns).

Thatpatchoflichen the Trooper (Ogre Fighter)        Turns: 2694, Time: 00:05:13

Health: 0/49       AC: -11   Str: 20    XL:     4   Next: 79%
Magic:  4/4        EV:  9    Int:  9    God:
Gold:   65         SH:  8    Dex: 10    Spells: 3/3 levels left

rFire   . . .      SeeInvis .   a - +0 long sword
rCold   . . .      Faith    .   c - +0 kite shield
rNeg    . . .      Spirit   .   b - +0 robe
rPois   .          Reflect  .   (helmet restricted)
rElec   .          Harm     .   e - +1 cloak
rCorr   .          Rampage  .   (gloves unavailable)
Will    .....                   (boots unavailable)
Stlth   +.........              (no amulet)
HPRegen 0.16/turn               (no ring)
MPRegen 0.09/turn               (no ring)

@: corroded
A: large, unfitting armour, tough skin 1
a: no special abilities


You were on level 2 of the Dungeon.
You visited 1 branch of the dungeon, and saw 3 of its levels.

You collected 65 gold pieces.

Inventory:

Hand Weapons
 a - a +0 long sword (weapon)
Missiles
 g - 2 poisoned darts (quivered)
 l - 5 atropa-tipped darts
 t - 2 boomerangs
Armour
 b - a +0 robe (worn)
 c - a +0 kite shield (worn)
 e - a +1 cloak (worn)
Scrolls
 j - 2 scrolls of identify {unknown}
 k - a scroll of summoning {unknown}
 m - a scroll of vulnerability {unknown}
 o - 2 scrolls of teleportation {unknown}
 p - a scroll of noise {unknown}
 q - a scroll of magic mapping {unknown}
 s - a scroll of amnesia {unknown}
Potions
 d - 2 potions of might
 f - 2 potions of curing {unknown}
 h - a potion of mutation {unknown}
 i - a potion of lignification {unknown}
 n - a potion of cancellation {unknown}
 r - a potion of magic {unknown}


   Skills:
 + Level 4.8 Fighting
 + Level 2.7 Long Blades
 + Level 3.3 Dodging
 + Level 3.7 Shields


You had 3 spell levels left.
You didn't know any spells.
Your spell library was empty.

Dungeon Overview and Level Annotations

Branches:
Dungeon (3/15)

Altars:
Qazlal

Shops:
D:1 =(==


Innate Abilities, Weirdness & Mutations

You are too large for most types of armour.
You have tough skin. (AC +1)


Message History

You slash the rat!
You kill the rat!
A jelly comes into view.
An iguana comes into view.
There is a stone staircase leading up here.
The jelly closely misses you.
You climb upwards.
There is a stone staircase leading down here.
You barely miss the jelly. You block the jelly's attack.
You barely miss the jelly. The jelly hits you but does no damage.
You hit the jelly. The acid corrodes you!
Your hands burn!
The jelly is lightly wounded.
The jelly hits you but does no damage. The jelly hits you.
You are splashed with acid!
You hit the jelly. The acid corrodes you!
Your hands burn!
The jelly is moderately wounded.
The jelly barely misses you.
You hit the jelly but do no damage.
Your hands burn!
The jelly is moderately wounded.
The jelly barely misses you. You block the jelly's attack.
You completely miss the jelly.
The jelly is moderately wounded.
The jelly barely misses you.
You hit the jelly. The acid corrodes you!
Your hands burn!
The jelly is heavily wounded.
You block the jelly's attack.
You hit the jelly but do no damage. The acid corrodes you!
Your hands burn!
The jelly is heavily wounded.
The jelly hits you.
You are splashed with acid!
The jelly hits you. The acid corrodes you!
You are splashed with acid.
* * * LOW HITPOINT WARNING * * *
You hit the jelly but do no damage.
Your hands burn!
* * * LOW HITPOINT WARNING * * *
The jelly is heavily wounded.
The jelly barely misses you.
You hit the jelly but do no damage.
Your hands burn!
* * * LOW HITPOINT WARNING * * *
The jelly is heavily wounded.
The jelly hits you.
You die...

#.## #.##....# #.#
##.##....# #.#
#..##....# ##.#
#.###....# ###..#
##.# #...†#
##..### #..#
#....# ##8..8##
#.## ###..#
##..(...###.#
##.##
#...J@...##[#
##..#
#.#8..8#.(#.#
###....
#.##..###...##
#...#.# #...###
##..)###.###..
###..######......#
##.
##.#..........^##
##
#..............##
#
#........(......#
#
#...............#
#


You could see a jelly.

Vanquished Creatures
  2 adders
  3 worms
  10 ball pythons
  8 endoplasms
  5 giant cockroaches
  5 hobgoblins
  4 jackals (D:1)
  4 quokkas
  6 bats
  3 frilled lizards
  7 goblins
  5 kobolds
  7 rats
69 creatures vanquished.

Notes
Turn   | Place    | Note
-------+----------+-------------------------------------------
     0 | D:1      | Thatpatchoflichen the Ogre Fighter began the quest for the
                  | Orb.
     0 | D:1      | Reached XP level 1. HP: 24/24 MP: 1/1
    60 | D:1      | Reached XP level 2. HP: 7/32 MP: 2/2
   346 | D:1      | Found Kuulaosch's Weapon Shoppe.
   393 | D:1      | You fall into a shaft and drop 1 floor!
   705 | D:1      | Reached XP level 3. HP: 34/40 MP: 3/3
  1096 | D:1      | Found Betoele's Jewellery Shop.
  1136 | D:1      | Found Nalim's Jewellery Shop.
  1238 | D:1      | Found Tucheepn's Jewellery Shop.
  1725 | D:2      | Found a stormy altar of Qazlal.
  1795 | D:2      | Found a faded altar of an unknown god.
  1911 | D:2      | Reached XP level 4. HP: 30/49 MP: 4/4
  2694 | D:2      | HP: 1/49 [acid (5)]
  2694 | D:2      | Slain by a jelly

Illustrated notes

Levels and vault maps discovered:
D:1:      giann_horns, layout_loops_ring, serial_shops, shop, shop,
          shop_fountains, shop, serial_park_tiny_2, minmay_ruptured
D:2:      layout_rooms, basic_altar, shapermc_ecumenical_altar_hornbeckon,
          st_stairs_6, roderic_roman_lattice
D:3:      layout_basic, gammafunk_ghost_icy, kennysheep_path_1,
          hangedman_feature_mirror

Skill      XL: |  1  2 |
---------------+-------+-----
Long Blades    | 2 |  2.7
Dodging        | 3 |  3.3
Fighting       | |  4.8
Shields        | |  3.7

Action                   |  1- 3 |  4- 6 || total
-------------------------+-------+-------++-------
Melee: Long sword        |   154 |    86 ||   240
 Stab: Sleeping          |     4 |       ||     4
Armor: Robe              |    85 |    43 ||   128
Dodge: Dodged            |    83 |    57 ||   140
Block: Kite shield       |    69 |    43 ||   112
